 Dungeon Crawl Stone Soup version 0.25.1-2-g60ff931df9 (webtiles) character file.

Game seed: 16693254448893577963

36 DearestLeader the Unweaver (level 3, 0/29 HPs)
             Began as a Demonspawn Abyssal Knight on Sept 26, 2020.
             Was a Follower of Lugonu.
             Slain by a gnoll
             ... wielding a +0 spear
              (1 damage)
             ... on level 1 of the Dungeon.
             The game lasted 00:02:30 (930 turns).

DearestLeader the Unweaver (DsAK)                    Turns: 930, Time: 00:02:31

Health: 0/29       AC:  5    Str: 13    XL:     3   Next: 19%
Magic:  5/5        EV: 10    Int: 13    God:    Lugonu [*.....]
Gold:   12         SH:  0    Dex: 12    Spells: 2/2 levels left

rFire    . . .     SeeInvis .   a - +1 hand axe
rCold    . . .     Gourm    .   (no shield)
rNeg     . . .     Faith    .   g - +0 ring mail
rPois    .         Spirit   .   (no helmet)
rElec    .         Reflect  .   (no cloak)
rCorr    .         Harm     .   (no gloves)
MR       .....                  (no boots)
Stlth    +.........             (no amulet)
HPRegen  0.09/turn              (no ring)
MPRegen  0.09/turn              (no ring)

@: no status effects
A: powered by death 1
a: Depart the Abyss, Renounce Religion


You were on level 1 of the Dungeon.
You worshipped Lugonu.
Lugonu was aware of your devotion.
You were not hungry.

You visited 1 branch of the dungeon, and saw 1 of its levels.
You visited the Abyss 1 time.

You collected 12 gold pieces.

Inventory:

Hand Weapons
 a - a +1 hand axe (weapon)
Armour
 b - a +0 leather armour
 g - a +0 ring mail (worn)
Scrolls
 e - a scroll of teleportation {unknown}
 f - a scroll of random uselessness {unknown}
 h - a scroll of fog
 i - a scroll of enchant weapon
Comestibles
 c - 4 rations
 d - 6 chunks of flesh


   Skills:
 - Level 3.0 Fighting
 * Level 2.9 Axes
 - Level 1.7 Armour
 - Level 0.8 Dodging
 + Level 3.3 Invocations


You had 2 spell levels left.
You didn't know any spells.
Your spell library was empty.

Dungeon Overview and Level Annotations

Branches:
Dungeon (1/15)

Altars:


Innate Abilities, Weirdness & Mutations

You regenerate a little health from kills.


Message History

The bat barely misses you. The bat barely misses you.
The bat barely misses you. The bat hits you but does no damage.
The bat hits you but does no damage. The bat barely misses you.
The bat barely misses you. The bat closely misses you. The bat hits you.
* * * LOW HITPOINT WARNING * * *
The bat hits you but does no damage. The bat hits you but does no damage.
The bat completely misses you. x2
The bat hits you but does no damage. The bat barely misses you.
The bat hits you but does no damage.
There is an escape hatch in the floor here.
The bat hits you.
* * * LOW HITPOINT WARNING * * *
The gnoll hits you from afar with a +0 spear.
You die...

# #..##.###...........
#.#..##......#.###.###
#.#..............#.# ##### #.
#..............#.#.# ....#
##..####.############.#.# ###.#
...........# #.#.# ..#.#
#.......#.##########.#.# #.#.#
#.#####.#..............#
#.#.#.##..####.#@.#########.###
#.#.#.#........#b.# #.#
#.#.#.#.#.####.#g.# #.#
..#.#.#.#.........# #.#
###.#.#.....##)#.###### #.#
....#.#..#............. #.#
#####.#..##.##.#.###### #.#
.........##..#.#.# #.#
..[...#.###..#.#.# #.#


You could see a gnoll and a bat.

Vanquished Creatures
  A dart slug (D:1)
  A leopard gecko (D:1)
  3 giant cockroaches (D:1)
  6 goblins (D:1)
  5 hobgoblins (D:1)
  2 jackals (D:1)
  5 kobolds (D:1)
  A bat (D:1)
  2 frilled lizards (D:1)
  3 rats (D:1)
29 creatures vanquished.

Notes
Turn   | Place    | Note
-------+----------+-------------------------------------------
     0 | Abyss:1  | DearestLeader the Demonspawn Abyssal Knight began the quest
                  | for the Orb.
     0 | Abyss:1  | Reached XP level 1. HP: 18/18 MP: 2/2
    32 | Abyss:1  | Noticed a death drake
    33 | D:1      | Escaped the Abyss
   329 | D:1      | Reached * piety under Lugonu
   329 | D:1      | Gained mutation: You regenerate a little health from kills.
                  | [demonic ancestry]
   329 | D:1      | Reached XP level 2. HP: 24/24 MP: 4/4
   805 | D:1      | Reached XP level 3. HP: 25/29 MP: 5/5
   898 | D:1      | HP: 1/29 [gnoll/+0 spear (5)]
   913 | D:1      | HP: 1/29 [bat (1)]
   921 | D:1      | HP: 1/29 [bat (1)]
   930 | D:1      | HP: 1/29 [bat (1)]
   930 | D:1      | Slain by a gnoll

Illustrated notes

Levels and vault maps discovered:
D:1:      psy_arrival_basics, layout_basic

Skill      XL: |  1  2 |
---------------+-------+-----
Axes           | 2 |  2.9
Invocations    | 3 |  3.3
Fighting       | |  3.0
Armour         | |  1.7
Dodging        | |  0.8

Action                   || total
-------------------------++-------
Melee: Hand axe          ||   100
Invok: Depart the Abyss  ||     1
  Use: Scroll            ||     4
Armor: Leather armour    ||    23
       Ring mail         ||    32
Dodge: Dodged            ||    95
